 Dungeon Sprint DCSS version 0.23.2-11-gf996548c65 (webtiles) character file.

Game seed: 86790795921601955

6358 wilfster70 the End of an Era (level 11, 95/95 HPs)
             Began as a Formicid Hunter on June 5, 2019.
             Was the Champion of Qazlal.
             Quit the game in the Dungeon (Sprint V: "Ziggurat Sprint") on June 6, 2019.
             The game lasted 00:06:56 (591 turns).

wilfster70 the End of an Era (Formicid Hunter)       Turns: 591, Time: 00:06:56

Health: 95/95      AC: 25    Str: 33    XL:     11   Next: 17%
Magic:  18/21      EV:  2    Int: 11    God:    Qazlal [******]
Gold:   0          SH: 39    Dex: 11    Spells: 10/10 levels left

rFire    + . .     SeeInvis +   a - +9 heavy crossbow "Sniper" {velocity, Acc+∞ SInv}
rCold    + . .     Gourm    .   b - +18 shield of the Gong {rElec rN+ MR+ EV-5}
rNeg     + . .     Faith    .   l - +5 gold dragon scales
rPois    +         Spirit   .   (helmet unavailable)
rElec    +         Reflect  .   (no cloak)
rCorr    .         Harm     .   k - +0 pair of gloves {Str+3}
MR       ++...                  (no boots)
Stlth    ..........             c - amulet of the Coward {rElec rPois Regen+ Str-2 SInv}
HPRegen  0.65/turn              m - +6 ring of strength
MPRegen  0.17/turn              n - +6 ring of strength

@: repel missiles
A: permanent stasis, dig shafts and tunnels, four strong arms, antennae 3
a: Dig, Upheaval, Elemental Force, Disaster Area, Renounce Religion


You were in the Dungeon.
You worshipped Qazlal.
Qazlal was exalted by your worship.
You were not hungry.

You visited 1 branch

Inventory:

Hand Weapons
 a - the +9 heavy crossbow "Sniper" (weapon) {velocity, Acc+∞ SInv}
   (You found it in the Dungeon)

   Any bolt fired from it inflicts extra damage.
   It lets you see invisible.
 B - a +1 war axe of chopping
Missiles
 d - 15 bolts (quivered)
Armour
 b - the +18 shield of the Gong (worn) {rElec rN+ MR+ EV-5}
   (You found it in the Dungeon)

   It affects your evasion (-5).
   It insulates you from electricity.
   It protects you from negative energy.
   It affects your resistance to hostile enchantments.
 k - a +0 pair of gloves of strength (worn)
 l - +5 gold dragon scales (worn)
Jewellery
 c - the amulet of the Coward (around neck) {rElec rPois Regen+ Str-2 SInv}
   (You found it in the Dungeon)

   [amulet of regeneration]

   It affects your strength (-2).
   It insulates you from electricity.
   It protects you from poison.
   It lets you see invisible.
   It increases your rate of regeneration.
 m - a +6 ring of strength (left hand)
 n - a +6 ring of strength (right hand)
Wands
 o - a wand of disintegration (7)
 p - a wand of iceblast (7)
 q - a wand of acid (7)
Scrolls
 r - 4 scrolls of amnesia
 s - 7 scrolls of fog
 t - a scroll of holy word
 u - 5 scrolls of identify
 v - 5 scrolls of remove curse
 w - 2 scrolls of fear
 y - a scroll of brand weapon
Potions
 e - 10 potions of curing
 g - 8 potions of heal wounds
 i - 7 potions of magic
 x - 2 potions of brilliance
 z - 2 potions of invisibility
 A - 4 potions of resistance
 C - 6 potions of agility
 D - 5 potions of might
Miscellaneous
 h - 3 boxes of beasts
Comestibles
 f - 7 rations
 j - 7 chunks of flesh


   Skills:
 + Level 12.3 Fighting
 * Level 11.1 Crossbows
 - Level 10.8 Throwing
 + Level 12.1 Armour
 - Level 1.7 Dodging
 - Level 1.2 Stealth
 - Level 9.8 Shields
 + Level 13.3 Invocations


You had 10 spell levels left.
You didn't know any spells.
Your spell library contained the following spells:

 Spells                   Type           Power        Failure   Level  Hunger
 Animate Skeleton         Necr           N/A          99%         1    ##.....
 Apportation              Tloc           #.....       99%         1    ##.....
 Confusing Touch          Hex            #.....       99%         1    ##.....
 Magic Dart               Conj           #...         99%         1    ##.....
 Pain                     Necr           #...         99%         1    ##.....
 Sandblast                Erth           #.....       99%         1    ##.....
 Summon Butterflies       Summ           #.......     99%         1    ##.....
 Summon Small Mammal      Summ           #...         99%         1    ##.....
 Corpse Rot               Necr           N/A          100%        2    ###....
 Searing Ray              Conj           #.....       100%        2    ###....
 Dazzling Spray           Conj/Hex       #.....       100%        3    ####...
 Lesser Beckoning         Tloc           #.........   100%        3    ####...
 Regeneration             Chrm/Necr      #.........   100%        3    ####...
 Tukima's Dance           Hex            #.......     100%        3    ####...
 Vampiric Draining        Necr           #.........   100%        3    ####...
 Animate Dead             Necr           N/A          100%        4    #####..
 Force Lance              Conj/Tloc      #.......     100%        4    #####..
 Fulminant Prism          Conj/Hex       #.........   100%        4    #####..
 Iskenderun's Mystic Bla  Conj           #.......     100%        4    #####..
 Petrify                  Tmut/Erth      #.......     100%        4    #####..
 Alistair's Intoxication  Tmut/Pois      #.......     100%        5    ######.
 Borgnjor's Vile Clutch   Necr/Erth      #.........   100%        5    ######.
 Lee's Rapid Deconstruct  Erth           #.........   100%        5    ######.
 Invisibility             Hex            #.......     100%        6    #######
 Spellforged Servitor     Conj/Summ      #.........   100%        7    #######


Dungeon Overview and Level Annotations

Branches:
Dungeon (1/1)

Altars:
Ashenzari
Cheibriados
Dithmenos
Elyvilon
Fedhas
Gozag
Hepliaklqana
Kikubaaqudgha
Makhleb
Nemelex Xobeh
Okawaru
Qazlal
Ru
Sif Muna
Trog
Uskayaw
Vehumet
Wu Jian
Xom
Yredelemnul
Zin
The Shining One
Beogh
Jiyva
Lugonu

Annotations:
D 1 transporter


Innate Abilities, Weirdness & Mutations

You cannot be hasted, slowed, berserked, paralysed or teleported.
You can dig through walls and to a lower floor.
Your four strong arms can wield two-handed weapons with a shield.
You have a pair of large antennae on your head. (SInv)


Message History

You aren't carrying any weapons that can be branded.
Things that are here:
a Fen Folio; a yak corpse You see here a +1 war axe of chopping.
B - a +1 war axe of chopping
Things that are here:
a Fen Folio; a yak corpse
Things that are here:
the +6 hunting sling "Teton" {flame, *Contam *Slow Str+6 Stlth+} an iguana corpse You see here the Papyrus of Sinister Rites.
You pick up the Papyrus of Sinister Rites and begin reading...
You add the spells Pain, Corpse Rot, Regeneration, Vampiric Draining, Animate Dead and Borgnjor's Vile Clutch to your library.
Autopickup is now off.
Saving game... please wait.
Level annotation: 1 transporter Welcome back, wilfster70 the Formicid Hunter.
Qazlal says: Let the forces of nature tear it all down!
Press ? for a list of commands and other information.
Are you sure you want to abandon this character and quit the game? (Confirm with "yes".)

▓.....|...▓.......▓
▓.........▓.......▓
▓.........▓.......▓
▓.........▓.......▓
▓.▓.....▓.▓.▓.[÷▓.▓
▓....©....▓..÷©...▓
▓▓▓▓▓▓▓▓▓▓▓▓▓▓▓▓▓▓▓
▓.○.8©8...▓..8©8..▓
▓..@||"...▓..|.=..▓
▓○..).:...▓.)[.[..▓
▓°§...†...▓.......▓
▓§...§..†.▓.......▓
▓.........▓.......▓
▓.........▓.......▓
▓.▓..†..▓.▓.▓...▓.▓
▓....©....▓...©...▓
▓▓▓▓▓▓▓▓▓▓▓▓▓▓▓▓▓▓▓


There were no monsters in sight!

Vanquished Creatures
  A two-headed ogre (D)
  2 toenail golems (D)
  A smoke demon (D)
  A gargoyle (D)
  An orange demon (D)
  A komodo dragon (D)
  A spiny frog (D)
  2 rime drakes (D)
  4 merfolk (D)
  A troll (D)
  A spriggan (D)
  A large abomination (D)
  2 yaks (D)
  A small abomination (D)
  2 swamp drakes (D)
  A black bear (D)
  A phantom (D)
  3 necrophages (D)
  An ogre (D)
  5 wolves (D)
  3 earth elementals (D)
  A quasit (D)
  An iron imp (D)
  An iguana (D)
  2 river rats (D)
  A shadow imp (D)
  2 ufetubi (D)
  A jackal zombie (D)
45 creatures vanquished.

Notes
Turn   | Place    | Note
-------+----------+-------------------------------------------
     0 | D        | Found the +6 Majin-Bo {vamp, Archmagi MP+6 Int+6}
     0 | D        | Found the +7 great mace "Firestarter" {inner flame, rF++}
     0 | D        | wilfster70 the Formicid Hunter began the quest for the Orb.
     0 | D        | Reached XP level 1. HP: 16/16 MP: 1/1
    22 | D        | Found a blossoming altar of Fedhas.
    23 | D        | Found a viscous altar of Jiyva.
    23 | D        | Found a transporter.
    23 | D        | Found a hazy altar of Hepliaklqana.
    23 | D        | Found an ancient bone altar of Kikubaaqudgha.
    23 | D        | Found an opulent altar of Gozag.
    23 | D        | Found a corrupted altar of Lugonu.
    24 | D        | Found a burning altar of Makhleb.
    25 | D        | Found a stormy altar of Qazlal.
    25 | D        | Found a sacrificial altar of Ru.
    25 | D        | Found an iron altar of Okawaru.
    25 | D        | Found a deep blue altar of Sif Muna.
    25 | D        | Found a sparkling altar of Nemelex Xobeh.
    25 | D        | Found a bloodstained altar of Trog.
    29 | D        | Found the +9 heavy crossbow "Sniper" {velocity, Acc+∞ SInv}
    29 | D        | Found the +10 dark maul {crush}
    29 | D        | Found the +15 Maxwell's patent armour {-Cast -Tele rElec
                  | MR+ rCorr}
    29 | D        | Found the +18 shield of the Gong {rElec rN+ MR+ EV-5}
    29 | D        | Found the cursed +14 obsidian axe {chop, +Fly SInv *Curse}
    38 | D        | Became a worshipper of Qazlal Stormbringer
    77 | D        | Reached skill level 5 in Crossbows
    77 | D        | Reached skill level 3 in Invocations
    77 | D        | Reached XP level 2. HP: 25/25 MP: 1/4
   113 | D        | Entered arena 2.
   113 | D        | Noticed an orange demon
   113 | D        | Found a transporter.
   119 | D        | Killed an orange demon
   119 | D        | Reached skill level 5 in Armour
   119 | D        | Reached skill level 6 in Invocations
   119 | D        | Reached XP level 3. HP: 34/35 MP: 4/7
   119 | D        | Reached XP level 4. HP: 40/41 MP: 5/9
   119 | D        | Reached XP level 5. HP: 46/47 MP: 5/10
   119 | D        | Reached XP level 6. HP: 52/53 MP: 5/11
   191 | D        | Entered arena 3.
   191 | D        | Noticed an ogre
   191 | D        | Noticed a troll
   191 | D        | Noticed a two-headed ogre
   191 | D        | Found a transporter.
   192 | D        | Killed an ogre
   192 | D        | Reached * piety under Qazlal
   192 | D        | Reached skill level 7 in Invocations
   192 | D        | Reached XP level 7. HP: 59/59 MP: 12/12
   194 | D        | Killed a troll
   194 | D        | Reached skill level 8 in Invocations
   195 | D        | Killed a two-headed ogre
   195 | D        | Reached skill level 9 in Invocations
   195 | D        | Reached XP level 8. HP: 60/69 MP: 12/15
   235 | D        | Entered arena 4.
   235 | D        | Noticed a rime drake
   235 | D        | Noticed a rime drake
   235 | D        | Found a transporter.
   238 | D        | Killed a rime drake
   238 | D        | Reached ** piety under Qazlal
   238 | D        | Reached skill level 10 in Throwing
   238 | D        | Reached XP level 9. HP: 56/75 MP: 16/16
   241 | D        | Killed a rime drake
   241 | D        | Reached skill level 10 in Invocations
   259 | D        | Got the amulet of the Coward {rElec rPois Regen+ Str-2
                  | SInv}
   265 | D        | Got the cursed ring "Hawiclig" {*Corrode rElec rC+ Int-3}
   385 | D        | Entered arena 5.
   385 | D        | Noticed a merfolk
   385 | D        | Noticed a merfolk
   385 | D        | Noticed a merfolk
   385 | D        | Noticed a merfolk
   385 | D        | Found a transporter.
   386 | D        | Killed a merfolk
   386 | D        | Reached *** piety under Qazlal
   387 | D        | Killed a merfolk
   389 | D        | Killed a merfolk
   389 | D        | Reached skill level 10 in Fighting
   389 | D        | Reached skill level 11 in Invocations
   391 | D        | Killed a merfolk
   391 | D        | Reached **** piety under Qazlal
   391 | D        | Reached skill level 10 in Armour
   408 | D        | Entered arena 6.
   408 | D        | Found a transporter.
   410 | D        | Reached XP level 10. HP: 86/86 MP: 18/18
   413 | D        | Reached ***** piety under Qazlal
   424 | D        | Got the Disquisition on Battle Magic and Clay
   431 | D        | Entered arena 7.
   432 | D        | Found the +4 dagger "Morg" {pain, MR+ Int+5}
   438 | D        | Reached skill level 12 in Invocations
   441 | D        | Found a transporter.
   476 | D        | Entered arena 8.
   476 | D        | Noticed a gargoyle
   476 | D        | Noticed a toenail golem
   476 | D        | Noticed a toenail golem
   477 | D        | Killed a toenail golem
   477 | D        | Killed a toenail golem
   477 | D        | Killed a gargoyle
   477 | D        | Reached ****** piety under Qazlal
   481 | D        | Found a transporter.
   518 | D        | Entered arena 9.
   518 | D        | Noticed a smoke demon
   519 | D        | Reached skill level 10 in Crossbows
   519 | D        | Killed a smoke demon
   520 | D        | Found a transporter.
   564 | D        | Entered arena 10.
   564 | D        | Noticed a komodo dragon
   564 | D        | Noticed a spiny frog
   565 | D        | Reached skill level 13 in Invocations
   565 | D        | Reached XP level 11. HP: 95/95 MP: 20/20
   571 | D        | Found a transporter.
   590 | D        | Got the Papyrus of Sinister Rites
   591 | D        | Quit the game

Skill      XL: |  1  2  3  4  5  6  7  8  9 10 11 |
---------------+----------------------------------+-----
Fighting       | 4 6 8 10 12 | 12.3
Crossbows      | 5 7 10 11 | 11.1
Armour         | 3 5 6 8 10 11 12 | 12.1
Shields        | 3 6 7 9 |  9.8
Invocations    | 3 6 7 9 11 13 | 13.3
Throwing       | 6 9 10 | 10.8
Dodging        | |  1.7
Stealth        | |  1.2

Action                   |  1- 3 |  4- 6 |  7- 9 | 10-12 || total
-------------------------+-------+-------+-------+-------++-------
 Fire: Heavy crossbow    |     4 |     1 |    19 |    18 ||    42
Invok: Disaster Area     |       |       |       |     3 ||     3
  Use: Potion            |     3 |       |       |       ||     3
Armor: Gold dragon scale |     2 |       |     3 |    17 ||    22
Dodge: Dodged            |       |       |     2 |     1 ||     3
Block: Shield            |     6 |       |    36 |    32 ||    74
